 Dungeon Crawl Stone Soup version 0.27.0-1-g7a089689b8 (webtiles) character file.

Game seed: 2633927757894058212

358 inmateoo the Skirmisher (level 6, -5/36 HPs)
             Began as a Vine Stalker Hedge Wizard on Aug 1, 2021.
             Was an Initiate of Cheibriados.
             Splashed by a jelly's acid (10 damage)
             ... on level 5 of the Dungeon.
             The game lasted 00:06:53 (5377 turns).

inmateoo the Skirmisher (Vine Stalker Hedge Wizard) Turns: 5377, Time: 00:06:53

Health: -5/36      AC: -7    Str: 20    XL:     6   Next: 64%
Magic:  0/11       EV: 11    Int: 17    God:    Cheibriados [......]
Gold:   192        SH:  0    Dex: 14    Spells: 6/11 levels left

rFire    . . .     SeeInvis .   a - +1 dagger
rCold    . . .     Faith    .   (no shield)
rNeg     . . .     Spirit   +   n - +1 leather armour of the Barracuda {+Inv}
rPois    .         Reflect  .   i - +0 helmet
rElec    .         Harm     .   (no cloak)
rCorr    .         Rampage  .   (no gloves)
Will     +....                  (no boots)
Stlth    ++........             (no amulet)
HPRegen  1.12/turn              g - +6 ring of strength
MPRegen  0.12/turn              c - ring of willpower

@: corroded, slow
A: fangs 2, regeneration 1, magic shield, antimagic bite, no potion heal 2
a: Renounce Religion, Evoke Invisibility, Bend Time


You were on level 5 of the Dungeon.
You worshipped Cheibriados.
Cheibriados was noncommittal.
You visited 2 branches of the dungeon, and saw 6 of its levels.

You collected 192 gold pieces.

Inventory:

Hand Weapons
 a - a +1 dagger (weapon)
Missiles
 h - a throwing net
Armour
 i - a +0 helmet (worn)
 n - the +1 leather armour of the Barracuda (worn) {+Inv}
   (You found it on level 5 of the Dungeon)

   +Inv:      It lets you turn invisible.
 r - a +1 helmet
Jewellery
 b - a ring of wizardry
 c - a ring of willpower (right hand)
 f - a ring of positive energy
 g - a +6 ring of strength (left hand)
 l - a ring of protection from cold
 m - a ring of protection from fire
Wands
 d - a wand of mindburst (20)
Scrolls
 e - a scroll of fog
 k - a scroll of enchant weapon
 q - a scroll of teleportation
Potions
 j - a potion of curing
 o - a potion of brilliance
 p - a potion of flight


   Skills:
 + Level 5.9 Fighting
 - Level 1.5 Dodging
 - Level 2.4 Stealth
 - Level 3.2 Spellcasting
 - Level 1.0 Conjurations
 - Level 1.0 Summonings
 - Level 1.0 Translocations


You had 6 spell levels left.
You knew the following spells:

 Your Spells              Type           Power      Damage    Failure   Level
a - Magic Dart            Conj           24%        1d4       14%         1
b - Blink                 Tloc           N/A        N/A       21%         2
c - Call Imp              Summ           6%         N/A       21%         2

Your spell library contained the following spells:

 Spells                   Type           Power      Damage    Failure   Level
 Slow                     Hex            2%         N/A       30%         2
 Gell's Gravitas          Tloc           3%         N/A       38%         3
 Teleport Other           Tloc           6%         N/A       38%         3
 Conjure Flame            Conj/Fire      4%         6-21      45%         3
 Mephitic Cloud           Conj/Pois/Air  3%         N/A       47%         3
 Dispersal                Tloc           3%         N/A       100%        6
 Disjunction              Tloc           3%         N/A       100%        8


Dungeon Overview and Level Annotations

Branches:
Dungeon (5/15)             Temple (1/1) D:5

Altars:
Cheibriados
Elyvilon
Fedhas
Gozag
Hepliaklqana
Kikubaaqudgha
Makhleb
Nemelex Xobeh
Okawaru
Ru
Sif Muna
Trog
Uskayaw
Yredelemnul
Zin
The Shining One

Shops:
D:2 =

Annotations:
D:3 3 runed translucent doors, T2blue's ghost, amateur PaEn
D:5 Dowan; Duvessa


Innate Abilities, Weirdness & Mutations

You have extremely sharp teeth.
Your natural rate of healing is unusually fast.
When hurt, damage is shared between your health and your magic reserves.
Your bite disrupts and absorbs the magic of your enemies.
Potions cannot restore your health.


Message History

The jelly is heavily wounded.
The phantom hits your white imp.
The phantom blinks!
Your white imp blinks!
The jelly hits you. The acid corrodes you!
You are splashed with acid!
Your white imp closely misses the phantom.
Unknown command.
Casting: Magic Dart (safe; 14% risk of failure)
Confirm with . or Enter, or press ? or * to list all spells.
Aiming: Magic Dart (safe; 14% risk of failure)
Press: ? - help, Shift-Dir - straight line, f/p - jelly
Aim: a jelly (heavily wounded, ally target, 100% to hit)
The magic dart hits the jelly.
The jelly is severely wounded.
Your crimson imp hits the jelly.
Your crimson imp is burned by acid!
The phantom hits your white imp!
Your white imp dies!
The jelly hits you. The acid corrodes you!
You are splashed with acid.
Your white imp closely misses the phantom.
Unknown command.
Casting: Magic Dart (safe; 14% risk of failure)
Confirm with . or Enter, or press ? or * to list all spells.
Aiming: Magic Dart (safe; 14% risk of failure)
Press: ? - help, Shift-Dir - straight line, f/p - jelly
Aim: a jelly (severely wounded, ally target, 100% to hit)
The magic dart hits the jelly.
The jelly is severely wounded.
Your crimson imp disappears in a puff of smoke!
The jelly hits you. The acid corrodes you!
You are splashed with acid!
* * * LOW HITPOINT WARNING * * *
Your white imp hits the phantom but does no damage.
Unknown command.
You hit the jelly but do no damage.
Your hands burn!
* * * LOW HITPOINT WARNING * * *
You bite the jelly, but do no damage.
The jelly is severely wounded.
The jelly hits you.
* * * LOW HITPOINT WARNING * * *
You are splashed with acid!
You die...

.'.....................##
##.....................# .
#......................# ..
#.###..................#
#.###.###...........##.###.# .
.W.........5.......##.# #.#
....#.###......W.....##.###.####
.>.=..........J.................
..<..........ยง.@................
..#.#.....#############.#...####
# ##........... ....#.#.#.###.
.............+......#.#.####
...................###.#.###$
###....###..##...#..........##
...... .#..#.#....##+##..## .
#....#..#.....#..##
....#.Je.##......##.##


You could see a phantom (ally target), a jelly and a friendly white imp
(summoned).

Vanquished Creatures
  An orc priest (D:3)
  3 orc wizards (D:3)
  6 adders
  A white imp (D:3)
  A dart slug (D:4)
  9 orcs
  8 ball pythons
  A bat (D:2)
  6 endoplasms
  6 giant cockroaches
  5 goblins
  6 hobgoblins
  6 jackals (D:3)
  4 quokkas
  2 frilled lizards (D:2)
  5 kobolds
  12 rats
82 creatures vanquished.

Vanquished Creatures (collateral kills)
  An ogre (D:4)
  A hound (D:4)
  An orc priest (D:4)
  A shadow imp (D:5)
  A quokka (D:4)
  12 rats (D:4)
17 creatures vanquished.

Grand Total: 99 creatures vanquished

Notes
Turn   | Place    | Note
-------+----------+-------------------------------------------
     0 | D:1      | inmateoo the Vine Stalker Hedge Wizard began the quest for
                  | the Orb.
     0 | D:1      | Reached XP level 1. HP: 9/9 MP: 5/5
    45 | D:1      | Reached skill level 1 in Fighting
   157 | D:1      | Reached XP level 2. HP: 14/14 MP: 0/7
   270 | D:1      | Learned a level 2 spell: Blink
   273 | D:1      | Learned a level 2 spell: Call Imp
   368 | D:1      | Reached skill level 2 in Fighting
   833 | D:1      | Reached XP level 3. HP: 18/18 MP: 2/8
   860 | D:1      | Found a faded altar of an unknown god.
  1233 | D:2      | Reached skill level 3 in Fighting
  1365 | D:2      | Found Dereg's Jewellery Emporium.
  1529 | D:2      | Gained mutation: Your natural rate of healing is unusually
                  | fast. [Vine Stalker growth]
  1529 | D:2      | Reached XP level 4. HP: 6/24 MP: 1/9
  2507 | D:3      | Found a runed translucent gate.
  2508 | D:3      | Found a runed translucent gate.
  2509 | D:3      | Found a runed translucent gate.
  2510 | D:3      | Noticed T2blue's ghost (amateur PaEn)
  2574 | D:3      | Reached skill level 4 in Fighting
  2574 | D:3      | Reached XP level 5. HP: 22/29 MP: 1/10
  2784 | D:3      | Found a bloodstained altar of Trog.
  3484 | D:4      | Noticed an ogre
  3836 | D:3      | Reached skill level 5 in Fighting
  3836 | D:3      | Reached XP level 6. HP: 21/35 MP: 2/11
  4706 | D:5      | Entered Level 5 of the Dungeon
  4727 | D:5      | Identified the +1 leather armour of the Barracuda {+Inv}
  4827 | D:5      | Found a staircase to the Ecumenical Temple.
  4827 | D:5      | Noticed Duvessa
  4833 | D:5      | Noticed Dowan
  4840 | Temple   | Entered the Ecumenical Temple
  4973 | Temple   | Became a worshipper of Cheibriados the Contemplative
  5377 | D:5      | Splashed by a jelly's acid

Illustrated notes

Levels and vault maps discovered:
D:1:      dpeg_arrival_orchard, layout_rooms, ebering_ecumenical_altar_hall
D:2:      layout_basic, serial_shops, nicolae_shop_behind_doors
D:3:      layout_basic, mainiacjoe_overflow_six_doors_small,
          ebering_ghost_rock_garden, chequers_garden
D:4:      layout_layer_cave, minmay_rat_hole
D:5:      lemuel_ice_spiral_2, layout_basic, lemuel_coloured_pillars_altar,
          minmay_temple_entry_mini_moons, uniq_duvessa
Temple:   eino_temple_rhombus

Skill      XL: |  1  2  3  4  5 |
---------------+----------------+-----
Fighting       | 1 2 3 4 5 |  5.9
Dodging        | |  1.5
Stealth        | |  2.4
Spellcasting   | |  3.2
Conjurations   | |  1.0
Summonings     | |  1.0
Translocations | |  1.0

Action                   |  1- 3 |  4- 6 || total
-------------------------+-------+-------++-------
Melee: Dagger            |    25 |    95 ||   120
       Bite              |     5 |    31 ||    36
 Cast: Magic Dart        |    91 |   138 ||   229
       Call Imp          |       |    20 ||    20
  Use: Scroll            |     1 |    10 ||    11
       Potion            |       |     2 ||     2
Armor: Robe              |     9 |    21 ||    30
       Leather armour    |       |     9 ||     9
Dodge: Dodged            |    28 |    94 ||   122
